 Dungeon Crawl Stone Soup version 0.30-a0-782-ge64f9170bb (webtiles) character file.

Game seed: 12063021851975872759

1899 Dirtsage the Cleaver (level 8, -2/58 HPs)
             Began as a Demonspawn Fighter on Mar 8, 2023.
             Slain by a vampire mosquito (6 damage)
             ... on level 6 of the Dungeon.
             The game lasted 00:12:18 (5506 turns).

Dirtsage the Cleaver (Demonspawn Fighter)           Turns: 5506, Time: 00:12:18

Health: -2/58      AC: 14    Str: 19    XL:     8   Next: 93%
Magic:  8/8        EV:  9    Int:  9    God:
Gold:   334        SH:  9    Dex: 13    Spells: 7/7 levels left

rFire   . . .      SeeInvis +    a - +0 war axe
rCold   . . .      Faith    .    c - +0 buckler
rNeg    . . .      Spirit   .    b - +0 scale mail
rPois   .          Reflect  +    x - +0 helmet
rElec   .          Harm     .    (no cloak)
rCorr   .          Rampage  .    (no gloves)
Will    .....                    j - +0 pair of boots {Fly} Stlth
                                 J - amulet of reflection
HPRegen 0.29/turn                S - ring of see invisible
MPRegen 0.22/turn                y - +4 ring of protection

@: flying, studying Throwing
A: yellow scales 1, powered by pain 1, magic regeneration
a: no special abilities


You were on level 6 of the Dungeon.
You visited 1 branch of the dungeon, and saw 6 of its levels.
You also visited: Sewer and Ossuary.

You collected 334 gold pieces.

Inventory:

Hand Weapons
 a - a +0 war axe (weapon)
Missiles
 w - 6 javelins (quivered)
 E - 6 curare-tipped darts
Armour
 b - a +0 scale mail (worn)
 c - a +0 buckler (worn)
 j - a +0 pair of boots of flying (worn)
 x - a +0 helmet (worn)
Magical Staves
 u - a staff of death
Jewellery
 q - a ring of ice
 y - a +4 ring of protection (right hand)
 I - a +6 ring of dexterity
 J - an amulet of reflection (around neck)
 N - a ring of positive energy
 S - a ring of see invisible (left hand)
Wands
 B - a wand of flame (15)
 G - a wand of mindburst (7)
 K - a wand of polymorph (2)
Scrolls
 e - a scroll of silence {unknown}
 g - 2 scrolls of fear
 i - 2 scrolls of identify
 l - 2 scrolls of noise
 m - 2 scrolls of enchant weapon
 o - 2 scrolls of brand weapon
 p - 2 scrolls of vulnerability
 r - 5 scrolls of fog
 s - a scroll of immolation {unknown}
 t - 3 scrolls of teleportation
 v - a scroll of magic mapping
 D - a scroll of blinking {unknown}
Potions
 d - a potion of might
 f - 3 potions of curing {unknown}
 h - 2 potions of mutation {unknown}
 k - 2 potions of attraction {unknown}
 n - 2 potions of haste {unknown}
 z - 4 potions of heal wounds {unknown}
 A - a potion of invisibility {unknown}
 C - a potion of magic {unknown}
 F - a potion of brilliance {unknown}
 H - 2 potions of cancellation {unknown}
 L - 2 potions of resistance {unknown}


   Skills:
 - Level 3.0 Fighting
 + Level 10.8 Axes
 - Level 2.6 Armour
 - Level 2.6 Shields


You had 7 spell levels left.
You didn't know any spells.
Your spell library contained the following spells:

 Spells                   Type           Power      Damage    Failure   Level
 Stone Arrow              Conj/Erth      0%         3d7       99%         3
 Animate Armour           Summ/Erth      0%         N/A       100%        4
 Cause Fear               Hex            0%         N/A       100%        4
 Iskenderun's Battlesphe  Conj           0%         2d6       100%        5
 Iron Shot                Conj/Erth      0%         9d1       100%        6
 Dragon Form              Tmut           0%         N/A       100%        7
 Spellforged Servitor     Conj/Summ      0%         N/A       100%        7
 Lehudib's Crystal Spear  Conj/Erth      0%         10d2      100%        8
 Dragon's Call            Summ           0%         N/A       100%        9


Dungeon Overview and Level Annotations

Branches:
Dungeon (6/15)              Sewer (visited)         Ossuary (visited)
 Temple: D:4-7

Altars:
Uskayaw

Annotations:
D:3 1 runed translucent door, Crazy Yiuf


Innate Abilities, Weirdness & Mutations

You are partially covered in yellow scales. (AC +2)
You sometimes gain a little power by taking damage.
You regenerate magic rapidly.


Message History

You take 2 damage, and have 30/58 hp.
You slash the vampire mosquito!
You destroy the vampire mosquito!
You hit the vampire mosquito but do no damage.
The vampire mosquito bites you.
The vampire mosquito draws strength from your injuries!
The vampire mosquito closely misses you.
You take 5 damage, and have 25/58 hp.
You hit the vampire mosquito but do no damage.
The vampire mosquito bites you but does no damage.
You block the vampire mosquito's attack.
You miss the vampire mosquito.
You block the vampire mosquito's attack. x2
You closely miss the vampire mosquito.
The vampire mosquito bites you but does no damage. x2
You closely miss the vampire mosquito.
The vampire mosquito bites you but does no damage.
The vampire mosquito bites you.
The vampire mosquito draws strength from your injuries!
You slash the vampire mosquito!
The vampire mosquito is moderately damaged.
The vampire mosquito completely misses you. x2
You miss the vampire mosquito.
The vampire mosquito is moderately damaged.
The vampire mosquito bites you!
The vampire mosquito draws strength from your injuries!
The vampire mosquito bites you!
* * * LOW HITPOINT WARNING * * *
The vampire mosquito draws strength from your injuries!
You take 15 damage, and have 11/58 hp.
MASSIVE DAMAGE!!
You barely miss the vampire mosquito.
The vampire mosquito is lightly damaged.
You block the vampire mosquito's attack.
You closely miss the vampire mosquito.
The vampire mosquito is lightly damaged.
The vampire mosquito bites you!
* * * LOW HITPOINT WARNING * * *
The vampire mosquito draws strength from your injuries!
The vampire mosquito bites you.
You die...

#.##...##.###### #
#....<#.#
###.#.#####.#
....#.......#
............#
............#
............#
#........####
#..y@.......########
#..................#
#..................#
#..................#
########....########
#....# #....# #....#
#....#


You could see a vampire mosquito.

Vanquished Creatures
  A wraith (Ossuary)
  A vampire mosquito (D:6)
  Pargi (Sewer)
  2 black bears (D:4)
  3 phantoms
  3 necrophages
  4 scorpions
  4 hounds
  An orc priest (D:4)
  2 gnoll boudas
  3 iguanas
  2 orc wizards
  3 mummies (Ossuary)
  Robin (D:3)
  8 gnolls
  A river rat (D:3)
  8 adders
  A shadow imp (D:5)
  A white imp (D:5)
  A worm (D:4)
  5 dart slugs
  8 orcs
  9 endoplasms
  5 giant cockroaches
  15 goblins
  15 hobgoblins
  19 jackals
  5 kobolds
  6 quokkas
  5 ball pythons
  9 bats
  5 frilled lizards
  5 goblin zombies (Ossuary)
  2 kobold zombies (Ossuary)
  5 rats
169 creatures vanquished.

Vanquished Creatures (others)
  2 fungi (D:1)
2 creatures vanquished.

Grand Total: 171 creatures vanquished

Notes
Turn   | Place    | Note
-------+----------+-------------------------------------------
     0 | D:1      | Dirtsage the Demonspawn Fighter began the quest for the
                  | Orb.
     0 | D:1      | Reached XP level 1. HP: 18/18 MP: 1/1
    56 | D:1      | Reached skill level 2 in Axes
   157 | D:1      | Gained mutation: You sometimes gain a little power by
                  | taking damage. [demonic ancestry]
   157 | D:1      | Reached XP level 2. HP: 24/24 MP: 2/2
   310 | D:1      | Found a faded altar of an unknown god.
   431 | D:1      | Reached skill level 3 in Axes
   500 | D:1      | Reached XP level 3. HP: 23/29 MP: 3/3
  1085 | D:2      | Found a hide-covered altar of Uskayaw.
  1398 | D:3      | Reached XP level 4. HP: 35/35 MP: 4/4
  1412 | D:3      | Reached skill level 4 in Axes
  1623 | D:3      | Found a glowing drain.
  1627 | Sewer    | Entered a sewer
  1689 | Sewer    | Noticed Pargi
  1699 | Sewer    | Killed Pargi
  1700 | Sewer    | Reached skill level 5 in Axes
  1700 | Sewer    | Gained mutation: You regenerate magic rapidly. [demonic
                  | ancestry]
  1700 | Sewer    | Reached XP level 5. HP: 28/41 MP: 5/5
  1901 | D:3      | Found a runed translucent door.
  1902 | D:3      | Noticed Crazy Yiuf
  1917 | D:3      | Noticed a phantom
  1940 | D:3      | Killed a phantom
  1941 | D:3      | Gained mutation: You are partially covered in yellow
                  | scales. (AC +2) [demonic ancestry]
  1941 | D:3      | Reached XP level 6. HP: 18/47 MP: 6/6
  2283 | D:3      | Reached skill level 6 in Axes
  2353 | D:3      | Noticed Robin
  2363 | D:3      | Killed Robin
  3098 | D:4      | Reached skill level 7 in Axes
  3098 | D:4      | Reached XP level 7. HP: 47/52 MP: 7/7
  3108 | D:4      | Identified the +1 leather armour "Imemoof" {*Slow +Blink
                  | rCorr MP-9}
  3228 | D:4      | Reached skill level 8 in Axes
  3702 | D:4      | Reached XP level 8. HP: 58/58 MP: 8/8
  3889 | D:5      | Entered Level 5 of the Dungeon
  4043 | D:5      | Reached skill level 9 in Axes
  4467 | D:5      | Found Imel's General Store.
  4487 | D:5      | Found a sand-covered staircase.
  4496 | Ossuary  | Entered an ossuary
  4724 | Ossuary  | Reached skill level 10 in Axes
  5506 | D:6      | Slain by a vampire mosquito

Illustrated notes

Levels and vault maps discovered:
D:1:      dpeg_arrival_court, layout_basic,
          shapermc_ecumenical_altar_mp_vishouse, dreamdust_mushroom_princess,
          minmay_worlds_worst_comb
D:2:      layout_rooms, basic_altar
D:3:      layout_loops_corners, gup_sewer_entry_bowl, guppyfry_early_orc_mine,
          uniq_crazy_yiuf_cottage, uniq_robin
D:4:      layout_basic
D:5:      layout_loops_ring, chequers_ossuary_entry_cave, nicolae_stop_n_shop_2,
          kennysheep_generic_room_2
D:6:      layout_basic

Skill      XL: |  1  2  3  4  5  6  7  8 |
---------------+-------------------------+-----
Axes           | 2 3 5 7 8 10 | 10.8
Fighting       | |  3.0
Armour         | |  2.6
Shields        | |  2.6

Action                     |  1- 3 |  4- 6 |  7- 9 || total
---------------------------+-------+-------+-------++-------
  Melee: War axe           |   153 |   197 |   280 ||   630
  Evoke: Wand              |       |     1 |       ||     1
    Use: Potion            |       |     1 |       ||     1
         Scroll            |       |       |     8 ||     8
 Armour: Scale mail        |    91 |   109 |   129 ||   329
  Dodge: Dodged            |    85 |   101 |   118 ||   304
  Block: Buckler           |    46 |    49 |    58 ||   153

Table legend: (Time is in decaauts)
 A = Elapsed time spent in this place.
 B = Non-inter-level travel time spent in this place.
 C = Inter-level travel time spent in this place.
 D = Time resting spent in this place.
 E = Time spent auto-exploring this place.
 F = Levels seen in this place.
 G = Mean time per level.
                   A        B        C        D        E       F      G
               +--------+--------+--------+--------+--------+-----+--------+
         Total |   5651 |   5316 |    335 |    179 |   3663 |   8 |  706.4 |
       Dungeon |   4924 |   4589 |    335 |    179 |   3105 |   6 |  820.7 |
         Sewer |    177 |    177 |      0 |      0 |    128 |   1 |  177.0 |
       Ossuary |    549 |    549 |      0 |      0 |    430 |   1 |  549.0 |
               +--------+--------+--------+--------+--------+-----+--------+

Top non-repeatable levels by time:
     D:3: 1296 daAuts
     D:4: 1090 daAuts
     D:5: 1034 daAuts
     D:1: 924 daAuts
 Ossuary: 549 daAuts
     D:2: 527 daAuts
   Sewer: 177 daAuts
     D:6: 50 daAuts
